 Dungeon Crawl Stone Soup version 0.29-b1-12-g9e2288ab2a (webtiles) character file.

Game seed: 17020968730422333526

23 Renzlar the Shield-Bearer (level 2, -2/29 HPs)
             Began as a Gnoll Fighter on Aug 23, 2022.
             Killed from afar by an orc wizard (4 damage)
             ... with a magic dart
             ... on level 2 of the Dungeon.
             The game lasted 00:03:29 (740 turns).

Renzlar the Shield-Bearer (Gnoll Fighter)            Turns: 740, Time: 00:03:29

Health: -2/29      AC:  7    Str: 15    XL:     2   Next: 95%
Magic:  2/2        EV:  6    Int:  7    God:
Gold:   111        SH:  5    Dex: 11    Spells: 2/2 levels left

rFire   . . .      SeeInvis .   a - +0 war axe
rCold   . . .      Faith    .   c - +0 buckler
rNeg    + . .      Spirit   .   b - +0 scale mail
rPois   .          Reflect  .   (no helmet)
rElec   .          Harm     .   (no cloak)
rCorr   .          Rampage  .   (no gloves)
Will    .....                   (no boots)
Stlth   ..........              (no amulet)
HPRegen 0.09/turn               f - ring of positive energy
MPRegen 0.08/turn               (no ring)

@: constricted
A: fangs 1, strong nose, distributed training
a: no special abilities


You were on level 2 of the Dungeon.
You visited 1 branch of the dungeon, and saw 2 of its levels.

You collected 111 gold pieces.

Inventory:

Hand Weapons
 a - a +0 war axe (weapon)
 h - a +0 sling
Missiles
 k - 3 boomerangs (quivered)
Armour
 b - a +0 scale mail (worn)
 c - a +0 buckler (worn)
Jewellery
 f - a ring of positive energy (left hand)
Scrolls
 e - a scroll of identify
 i - a scroll of teleportation {unknown}
 l - a scroll of amnesia {unknown}
Potions
 d - 2 potions of might
 g - a potion of curing
 j - 2 potions of ambrosia {unknown}


   Skills:
 + Level 6.5 Fighting
 + Level 0.5 Short Blades
 + Level 0.5 Long Blades
 + Level 4.5 Axes
 + Level 0.5 Maces & Flails
 + Level 0.5 Polearms
 + Level 0.5 Staves
 + Level 0.5 Ranged Weapons
 + Level 0.5 Throwing
 + Level 6.5 Armour
 + Level 0.5 Dodging
 + Level 0.5 Stealth
 + Level 6.5 Shields
 + Level 0.5 Unarmed Combat
 + Level 0.5 Spellcasting
 + Level 0.4 Conjurations
 + Level 0.4 Hexes
 + Level 0.4 Summonings
 + Level 0.4 Necromancy
 + Level 0.4 Translocations
 + Level 0.4 Transmutations
 + Level 0.4 Fire Magic
 + Level 0.4 Ice Magic
 + Level 0.4 Air Magic
 + Level 0.4 Earth Magic
 + Level 0.4 Poison Magic
 + Level 0.7 Invocations
 + Level 0.5 Evocations


You had 2 spell levels left.
You didn't know any spells.
Your spell library was empty.

Dungeon Overview and Level Annotations

Branches:
Dungeon (2/15)

Altars:
Gozag

Annotations:
D:2 Sigmund


Innate Abilities, Weirdness & Mutations

You have very sharp teeth.
Your uncanny sense of smell can sniff out nearby items.
Your experience applies equally to all skills.


Message History

Deactivating autopickup; reactivate with Ctrl-A.
Unknown command.
You hit the orc priest but do no damage.
You closely miss the orc wizard.
The orc wizard hits you with a +0 dagger.
The orc priest hits you with a +0 hand axe.
Unknown command.
You hit the orc priest but do no damage.
You barely miss the orc wizard.
The orc wizard gestures wildly while chanting.
The orc wizard flickers and vanishes!
Something hits you.
The orc priest hits you with a +0 hand axe.
Unknown command.
You hit the orc priest.
The orc priest is moderately wounded.
You hit the orc. You miss something. Something hits you but does no damage.
The orc priest looks braver for a moment.
The orc hits you with a +0 hand axe.
Unknown command.
You hit the orc priest.
You bite the orc priest, but do no damage.
The orc priest is severely wounded.
You hit the orc.
You kill the orc!
You miss something.
The ball python bites you but does no damage.
The ball python closely misses you.
You hit the orc priest but do no damage.
The orc priest is severely wounded.
You barely miss the ball python. You miss something. Something hits you.
The orc priest calls down the wrath of Beogh upon you.
Beogh smites you!
* * * LOW HITPOINT WARNING * * *
The ball python bites you but does no damage.
The ball python grabs you. The ball python constricts you.
You block the orc priest's attack.
You hear some strange, mumbled words.
A magic dart appears from out of thin air!
The magic dart hits you.
You die...

.>#..<....... #...#
#.#..######## ####...#
#.#..######## .......
#.#..##......
.....###.#..##.#####
..................#
#{o####..#.##.....#
#So##......##.....#
#####{@#.....####.....#
#.........#..# #.._..#
#.......#.#..# #.....#
#......##.#..# .......
#......##.#..# #######
#..........#..#
.......######## ##.....
.....#


You could see an orc priest, an orc and a ball python.

Vanquished Creatures
  An orc (D:2)
  5 ball pythons (D:1)
  An endoplasm (D:1)
  A giant cockroach (D:1)
  A goblin (D:1)
  A hobgoblin (D:1)
  2 kobolds (D:1)
  A quokka (D:1)
  2 bats
  2 frilled lizards (D:1)
  5 rats (D:1)
22 creatures vanquished.

Notes
Turn   | Place    | Note
-------+----------+-------------------------------------------
     0 | D:1      | Renzlar the Gnoll Fighter began the quest for the Orb.
     0 | D:1      | Reached XP level 1. HP: 23/23 MP: 1/1
   160 | D:1      | Reached XP level 2. HP: 17/29 MP: 2/2
   689 | D:2      | Found an opulent altar of Gozag.
   734 | D:2      | Noticed Sigmund
   740 | D:2      | Killed from afar by an orc wizard

Illustrated notes

Levels and vault maps discovered:
D:1:      dpeg_arrival_shelter, layout_rooms, minmay_hexomino_p4
D:2:      layout_basic, basic_altar, minmay_misc_feat_ornament,
          minmay_liquid_box, uniq_sigmund, uniq_crazy_yiuf_cottage, uniq_jessica

Action                   || total
-------------------------++-------
Melee: War axe           ||    50
       Bite              ||     5
  Use: Scroll            ||     1
Armor: Scale mail        ||    23
Dodge: Dodged            ||    20
Block: Buckler           ||    15
